[Event "Titled Tuesday Blitz May 30 Late 2023"]
[White "Lazavik, Denis"]
[Black "Sun, Rick"]
[WhiteFideId "13515110"]
[BlackFideId "30909481"]
[WhiteElo "2560"]
[BlackElo "2169"]
[Result "1-0"]
[Round "09"]
[TimeControl "180+2"]
[Date "2023.05.31"]
[WhiteClock "0:01:28"]
[BlackClock "0:00:04"]

1. d4 d6 2. Nf3 Nf6 3. c4 g6 4. g3 Bg7 5. Bg2 O-O 6. O-O Nc6 7. Nc3 a6 8. h3 Rb8 9. e4 e5 10. d5 Na5 11. Nd2 c5 12. a4 Bd7 13. Qe2 Ne8 14. b3 f5 15. exf5 gxf5 16. Bb2 b5 17. axb5 axb5 18. Nxb5 Bxb5 19. cxb5 e4 20. Bxg7 Nxg7 21. Ra2 Rf7 22. Rfa1 Ra7 23. f3 Nh5 24. Nf1 Qb6 25. fxe4 Ng7 26. Ne3 fxe4 27. Nc4 Nxc4 28. Rxa7 Ne5 29. R1a6 Qxb5 30. Qxb5 Rxb5 31. Rxd6 Nf7 32. Rdd7 Rxb3 33. Rxf7 Nh5 34. Rfc7 Rb8 35. Kh2 e3 36. d6 e2 37. Bd5+ Kh8 38. Rxh7# 1-0


[Site "https://www.chess.com"]

[Event "Titled Tuesday Blitz May 30 Late 2023"]
[White "Rosen, Eric"]
[Black "Demidov, Mikhail"]
[WhiteFideId "2032562"]
[BlackFideId "4197143"]
[WhiteElo "2331"]
[BlackElo "2500"]
[Result "0-1"]
[Round "09"]
[TimeControl "180+2"]
[Date "2023.05.31"]
[WhiteClock "0:00:02"]
[BlackClock "0:01:15"]

1. d4 g6 2. e4 Bg7 3. Nf3 d6 4. Bc4 e6 5. Bb3 h6 6. O-O a6 7. Re1 b6 8. c3 Bb7 9. Nbd2 Nd7 10. Nf1 Ne7 11. Ng3 Nf6 12. a4 Qd7 13. Bc2 Rd8 14. Qe2 Qc8 15. a5 b5 16. c4 bxc4 17. Qxc4 O-O 18. Qe2 c5 19. Be3 cxd4 20. Nxd4 Qa8 21. f3 Rfe8 22. Qd2 e5 23. Nb3 d5 24. exd5 Nexd5 25. Nc5 e4 26. Nxb7 Qxb7 27. Ba4 Nxe3 28. Qxe3 Nd5 29. Qc5 Nf4 30. Rad1 Nd3 31. Rxd3 Rxd3 32. Qc2 Rc8 33. Qe2 Bd4+ 34. Kh1 Re3 35. Qd1 Rxe1+ 36. Qxe1 exf3 37. Qf1 fxg2+ 38. Qxg2 Rc1+ 39. Nf1 Rxf1# 0-1


[Site "https://www.chess.com"]

[Event "Titled Tuesday Blitz May 30 Late 2023"]
[White "Kamsky, Gata"]
[Black "Saveliev, Alexei"]
[WhiteFideId "2000024"]
[BlackFideId "24128546"]
[WhiteElo "2660"]
[BlackElo "2271"]
[Result "1-0"]
[Round "09"]
[TimeControl "180+2"]
[Date "2023.05.31"]
[WhiteClock "0:01:26"]
[BlackClock "0:00:03"]

1. d4 g6 2. Nf3 Bg7 3. c3 Nf6 4. Bf4 O-O 5. Nbd2 d6 6. h3 b6 7. e3 Bb7 8. a4 a5 9. Bb5 Nbd7 10. O-O Ne4 11. Re1 h6 12. Bh2 Kh7 13. Nxe4 Bxe4 14. Nd2 Bb7 15. e4 e5 16. Nf3 f6 17. Qc2 Qe7 18. Rad1 Nb8 19. b4 Nc6 20. d5 Nb8 21. bxa5 Rxa5 22. Nd2 Nd7 23. Nb3 Raa8 24. c4 f5 25. exf5 gxf5 26. Nd4 e4 27. Nxf5 Rxf5 28. Rxe4 Qf7 29. Rf4 Rf8 30. g4 Ne5 31. Qxf5+ Qxf5 32. Rxf5 Rxf5 33. gxf5 Bc8 34. Bxe5 Bxe5 35. f4 Bc3 36. Rd3 Bf6 37. Kg2 Bxf5 38. Re3 Kg7 39. Be8 Bd4 40. Re1 Kf6 41. Bh5 Bd3 42. Rd1 Be4+ 43. Bf3 Bxf3+ 44. Kxf3 Bc5 45. Ke4 b5 1-0


[Site "https://www.chess.com"]

[Event "Titled Tuesday Blitz May 30 Late 2023"]
[White "Lopez Mulet, Inigo"]
[Black "Ibarra Jerez, Jose Carlos"]
[WhiteFideId "22235620"]
[BlackFideId "2226332"]
[WhiteElo "2289"]
[BlackElo "2638"]
[Result "0-1"]
[Round "09"]
[TimeControl "180+2"]
[Date "2023.05.31"]
[WhiteClock "0:01:11"]
[BlackClock "0:01:17"]

1. d4 Nf6 2. c4 d6 3. Nc3 e5 4. d5 Nbd7 5. e4 Nc5 6. f3 a5 7. Be3 Nfd7 8. Qd2 Be7 9. O-O-O h6 10. Nh3 c6 11. g4 a4 12. Kb1 Qa5 13. Ne2 Qc7 14. Nf2 cxd5 15. cxd5 b5 16. Nd3 Nxd3 17. Qxd3 b4 18. Rc1 Qb8 19. Ng3 g6 20. Qb5 Bg5 21. Bxg5 hxg5 22. h3 Ke7 23. Rh2 Qxb5 24. Bxb5 Nc5 25. Rc4 Rb8 26. Bc6 Ba6 27. Rc1 Bd3+ 28. Ka1 Nb3+ 29. axb3 axb3 30. Rhc2 Ra8+ 0-1


[Site "https://www.chess.com"]

[Event "Titled Tuesday Blitz May 30 Late 2023"]
[White "Korchmar, Vasiliy"]
[Black "Durarbayli, Vasif"]
[WhiteFideId "24131750"]
[BlackFideId "13402935"]
[WhiteElo "2370"]
[BlackElo "2551"]
[Result "0-1"]
[Round "09"]
[TimeControl "180+2"]
[Date "2023.05.31"]
[WhiteClock "0:00:01"]
[BlackClock "0:00:26"]

1. e4 c5 2. Nf3 d6 3. d4 cxd4 4. Nxd4 Nf6 5. Nc3 Nc6 6. Be2 e5 7. Nf3 h6 8. O-O Be7 9. Re1 O-O 10. h3 Be6 11. Bf1 Qa5 12. Bd2 Qc7 13. Be3 Na5 14. Nd5 Nxd5 15. exd5 Bf5 16. c3 Nc4 17. Bc1 Nb6 18. Be3 Rfc8 19. Rc1 Nc4 20. Bxc4 Qxc4 21. b3 Qa6 22. Qd2 b5 23. Bxh6 gxh6 24. Qxh6 Bg6 25. h4 Bf8 26. Qg5 Kh8 27. h5 Bh7 28. h6 Qb7 29. c4 Qe7 30. Qh5 bxc4 31. bxc4 Qf6 32. c5 Bxh6 33. Rc4 e4 34. Rcxe4 Bxe4 35. Rxe4 Rg8 36. c6 Qg6 37. Qh3 Qxe4 38. Qxh6+ Qh7 39. Qxd6 Qb1+ 40. Kh2 Qg6 41. Qe5+ f6 0-1


[Site "https://www.chess.com"]

[Event "Titled Tuesday Blitz May 30 Late 2023"]
[White "Zhigalko, Sergei"]
[Black "Eugene, Floryan"]
[WhiteFideId "13502956"]
[BlackFideId "20694784"]
[WhiteElo "2626"]
[BlackElo "2369"]
[Result "0-1"]
[Round "09"]
[TimeControl "180+2"]
[Date "2023.05.31"]
[WhiteClock "0:00:01"]
[BlackClock "0:00:17"]

1. e4 c5 2. Nf3 Nc6 3. c3 d5 4. exd5 Qxd5 5. d4 Bg4 6. dxc5 Qxd1+ 7. Kxd1 e6 8. b4 a5 9. Bb5 Ne7 10. Kc2 axb4 11. cxb4 O-O-O 12. Bxc6 Nxc6 13. a3 Be7 14. Be3 Bf6 15. Nc3 Bf5+ 16. Kb3 Rd3 17. Rac1 Rhd8 18. Rhe1 e5 19. Re2 Nd4+ 20. Bxd4 exd4 21. Ne5 Rxc3+ 22. Rxc3 dxc3 23. Kxc3 Rd3+ 24. Kb2 Rd5 25. f4 Rd4 26. Kb3 Rxf4 27. Nxf7 Kd7 28. Rd2+ Kc7 29. Nd6 Be6+ 30. Ka4 Bd7+ 31. Nb5+ Kc8 32. Ka5 Bd8+ 33. Ka4 Rf6 34. c6 Bxc6 35. Rc2 Rf5 36. Rc5 Rxc5 37. bxc5 Kd7 38. h3 Bxg2 39. Kb4 Bxh3 40. Nd6 Bg2 41. Nf7 Be7 42. Ne5+ Kc8 43. Nc4 Kc7 44. a4 Bd5 45. Ne3 Be6 46. Nc2 b6 47. Kb5 Bxc5 0-1


[Site "https://www.chess.com"]

[Event "Titled Tuesday Blitz May 30 Late 2023"]
[White "Rustemov, Alexander"]
[Black "reevecanada"]
[WhiteFideId "4119002"]
[WhiteElo "2885"]
[BlackElo "2509"]
[Result "1-0"]
[Round "09"]
[TimeControl "180+2"]
[Date "2023.05.31"]
[WhiteClock "0:00:48"]
[BlackClock "0:00:20"]

1. d4 d5 2. c4 c6 3. Nc3 Nf6 4. e3 e6 5. Nf3 Bd6 6. Qc2 Nbd7 7. Bd2 e5 8. cxd5 cxd5 9. Nb5 Bb8 10. Rc1 e4 11. Qxc8 exf3 12. Qxb7 Nb6 13. Ba5 O-O 14. gxf3 Bd6 15. b3 Re8 16. Bh3 Kh8 17. Rg1 Bxh2 18. Rg2 Bf4 19. Nc7 Rc8 20. Bxc8 Bxe3 21. fxe3 Rxe3+ 22. Kd2 Rxf3 23. Kc2 Nxc8 24. Kb1 h6 25. Ne6 Qxa5 26. Rxc8+ Ng8 27. Rxg8+ Kxg8 28. Qc8+ Kh7 29. Rxg7# 1-0


[Site "https://www.chess.com"]

[Event "Titled Tuesday Blitz May 30 Late 2023"]
[White "Moral Garcia, Serafin"]
[Black "Bok, Benjamin"]
[WhiteFideId "2201925"]
[BlackFideId "1017063"]
[WhiteElo "2274"]
[BlackElo "2657"]
[Result "0-1"]
[Round "09"]
[TimeControl "180+2"]
[Date "2023.05.31"]
[WhiteClock "0:00:17"]
[BlackClock "0:00:04"]

1. c4 e6 2. Nf3 d5 3. e3 Nf6 4. b3 Bd6 5. Bb2 O-O 6. d4 b6 7. Bd3 Bb7 8. Nc3 Nbd7 9. O-O a6 10. Qe2 dxc4 11. Bxc4 b5 12. Bd3 c5 13. Rfd1 Qb6 14. Rac1 Rfd8 15. Bb1 Rac8 16. Rd2 cxd4 17. Nxd4 Nc5 18. Rdc2 b4 19. Na4 Nxa4 20. Rxc8 Rxc8 21. Rxc8+ Bxc8 22. bxa4 Bd7 23. Bc2 Nd5 24. Qc4 h6 25. h3 Bf8 26. Nf3 Qc5 27. Qxc5 Bxc5 28. Ne5 Be8 29. a5 Bb5 30. Bd3 Bxd3 31. Nxd3 Bd6 32. e4 Nc3 33. a3 Ne2+ 34. Kf1 bxa3 35. Kxe2 axb2 36. Nxb2 Bb4 37. Nc4 Kf8 38. Kd3 Ke7 39. Ne5 Ke8 40. Nc6 Be1 41. f3 Kd7 42. Nb8+ Kd6 43. Nxa6 Bxa5 44. Kc4 Ke5 45. Nc5 Kf4 46. Kd3 Kg3 47. Ke2 Kxg2 48. h4 h5 49. Nd7 Bc7 50. Nc5 Kg3 51. Ke3 Bb6 0-1


[Site "https://www.chess.com"]

[Event "Titled Tuesday Blitz May 30 Late 2023"]
[White "Bashirli, Nail"]
[Black "Deac, Bogdan-Daniel"]
[WhiteFideId "13406809"]
[BlackFideId "1226380"]
[WhiteElo "2311"]
[BlackElo "2649"]
[Result "1/2-1/2"]
[Round "09"]
[TimeControl "180+2"]
[Date "2023.05.31"]
[WhiteClock "0:00:02"]
[BlackClock "0:00:07"]

1. e4 c6 2. Nc3 d5 3. d4 dxe4 4. Nxe4 Nf6 5. Nxf6+ exf6 6. c3 Bd6 7. Bd3 Na6 8. Ne2 Nc7 9. O-O h5 10. Re1 Kf8 11. c4 g6 12. Nc3 Kg7 13. Be3 Be6 14. Qc2 h4 15. h3 Qd7 16. Bf1 Bf5 17. Qb3 Ne6 18. Rad1 Ng5 19. c5 Bb8 20. d5 Nxh3+ 21. gxh3 Bxh3 22. Qc4 Bxf1 23. Rxf1 cxd5 24. Qxd5 Qh3 25. Qg2 Qf5 26. Kh1 Be5 27. Bd4 Bxd4 28. Rxd4 Rad8 29. Rfd1 Rxd4 30. Rxd4 Qxc5 31. Qd5 Qc7 32. Qd6 Qc8 33. Qd7 Qb8 34. Rd6 h3 35. Nd5 Re8 36. Nxf6 Re1+ 37. Kh2 Re6 38. Kxh3 Rxf6 39. Rxf6 Kxf6 40. Qd4+ Qe5 41. Qxa7 Qxb2 42. Kg2 Kg7 43. a4 Qb4 44. a5 g5 45. Kg1 g4 46. Qb8 Qxa5 47. Qxb7 Qe5 48. Qb4 f5 49. Qb7+ Kg6 50. Qb1 Kg5 51. Qc1+ Kh5 52. Qc8 Qe1+ 53. Kg2 Qe4+ 54. Kg1 Qe5 55. Qg8 Kh4 56. Qh7+ Kg5 57. Qg8+ Kf4 58. Qc4+ Qe4 59. Qc7+ Kg5 60. Qg7+ Kh5 61. Qh7+ Kg5 62. Qg7+ Kf4 63. Qc7+ Kf3 64. Qc3+ Ke2 65. Qb2+ Kd1 66. Qb3+ Kd2 67. Qb2+ Qc2 68. Qd4+ Ke2 69. Qe5+ Kd1 70. Qa1+ Qc1 71. Qd4+ Ke2+ 72. Kh2 Qc7+ 73. Kg2 Qc6+ 74. Kg1 Qe4 75. Qb2+ Ke1 76. Qc1+ Ke2 77. Qb2+ 1/2-1/2


[Site "https://www.chess.com"]

[Event "Titled Tuesday Blitz May 30 Late 2023"]
[White "Kushko, Dmitriy"]
[Black "Gorovets, Andrey"]
[WhiteFideId "14162261"]
[BlackFideId "13504037"]
[WhiteElo "2230"]
[BlackElo "2459"]
[Result "1-0"]
[Round "09"]
[TimeControl "180+2"]
[Date "2023.05.31"]
[WhiteClock "0:00:02"]
[BlackClock "0:00:01"]

1. Nf3 e6 2. g3 b5 3. e4 Bb7 4. d3 c5 5. Bg2 Nf6 6. O-O Nc6 7. a4 b4 8. Nbd2 d5 9. exd5 exd5 10. d4 cxd4 11. Nb3 Be7 12. Nfxd4 Nxd4 13. Nxd4 O-O 14. Re1 Bc5 15. Be3 Rc8 16. Nb3 Bxe3 17. Rxe3 Qc7 18. Nd4 Ne4 19. f3 Nc5 20. Qd2 a5 21. b3 Qb6 22. Bh3 Rcd8 23. Rae1 g6 24. Re7 Bc8 25. Bxc8 Rxc8 26. Qe3 Qd6 27. Qe5 Qxe5 28. R1xe5 Ne6 29. Nxe6 fxe6 30. f4 Rxc2 31. R7xe6 Rd8 32. Re8+ Rxe8 33. Rxe8+ Kf7 34. Rd8 Ke6 35. Re8+ Kd6 36. Rd8+ Ke6 37. Re8+ Kd7 38. Ra8 Rc5 39. Kf2 Ke6 40. Ke2 Kf5 41. Kd2 Ke4 42. Rb8 Kd4 43. Ra8 h5 44. Ra6 Rc3 45. Rxg6 Rxb3 46. Ra6 Rb2+ 47. Kc1 Rxh2 48. Rxa5 Kc4 49. Ra8 d4 50. Rc8+ Kd3 51. a5 Rh1+ 52. Kb2 Ke2 53. Re8+ Kf3 54. a6 Rh2+ 55. Kb3 d3 56. Rd8 1-0


[Site "https://www.chess.com"]

[Event "Titled Tuesday Blitz May 30 Late 2023"]
[White "Kourkoulos-Arditis, Stamatis"]
[Black "Jarovinsky, Alexey"]
[WhiteFideId "4221990"]
[BlackFideId "14115131"]
[WhiteElo "2400"]
[BlackElo "2446"]
[Result "1-0"]
[Round "09"]
[TimeControl "180+2"]
[Date "2023.05.31"]
[WhiteClock "0:00:50"]
[BlackClock "0:00:38"]

1. Nf3 g6 2. c4 Bg7 3. g3 c6 4. Bg2 e5 5. O-O Ne7 6. Nc3 d5 7. cxd5 cxd5 8. d3 Nbc6 9. Bg5 f6 10. Bd2 Be6 11. a3 O-O 12. b4 Qd7 13. Re1 Nd8 14. Qa4 Nf7 15. Rec1 Rfc8 16. Be1 Bh6 17. e3 d4 18. Qxd7 Bxd7 19. Ne4 Rxc1 20. Rxc1 dxe3 21. Rc7 Bb5 22. Rxe7 Bxd3 23. Nxf6+ Kf8 24. Rxb7 e2 25. Nxh7+ Kg8 26. Nf6+ Kf8 27. Nd7+ Kg8 28. Nfxe5 Nxe5 29. Nxe5 Rd8 30. Nxd3 Rxd3 31. Re7 Rxa3 32. Rxe2 Ra1 33. Bd5+ Kh8 34. Kg2 Bg7 35. Re8+ Kh7 36. Bg8+ Kh6 37. Bd2+ g5 38. Re6+ Kh5 39. Bf7+ Kg4 40. h3+ Kf5 41. g4# 1-0


[Site "https://www.chess.com"]

[Event "Titled Tuesday Blitz May 30 Late 2023"]
[White "Vlassov, Nikolai"]
[Black "Halkias, Stelios"]
[WhiteFideId "4103360"]
[BlackFideId "4201809"]
[WhiteElo "2324"]
[BlackElo "2451"]
[Result "0-1"]
[Round "09"]
[TimeControl "180+2"]
[Date "2023.05.31"]
[WhiteClock "0:01:02"]
[BlackClock "0:01:06"]

1. e4 e5 2. Bc4 Nf6 3. d3 Nc6 4. Nf3 Bc5 5. Bg5 h6 6. Bh4 d6 7. Nc3 Be6 8. Nd2 g5 9. Bg3 Qe7 10. Nd5 Qd8 11. h4 g4 12. h5 Bxd5 13. exd5 Ne7 14. Bh4 Nf5 15. Bb5+ Kf8 16. Bxf6 Qxf6 17. Qxg4 Nd4 18. Ba4 Rg8 19. Qh3 Nxc2+ 20. Bxc2 Qxf2+ 21. Kd1 Rxg2 22. Qxg2 Qxg2 23. Re1 Bb4 0-1


[Site "https://www.chess.com"]

[Event "Titled Tuesday Blitz May 30 Late 2023"]
[White "Thomforde-Toates, Noah"]
[Black "Gubajdullin, Alexei"]
[WhiteFideId "30951992"]
[BlackFideId "4141202"]
[WhiteElo "2758"]
[BlackElo "2279"]
[Result "1-0"]
[Round "09"]
[TimeControl "180+2"]
[Date "2023.05.31"]
[WhiteClock "0:00:29"]
[BlackClock "0:00:02"]

1. d4 Nf6 2. Nc3 d5 3. Bf4 a6 4. e3 g6 5. Be2 Bg7 6. h4 h6 7. Nf3 Nbd7 8. Ne5 e6 9. Bd3 c5 10. dxc5 Nxc5 11. Qf3 Nxd3+ 12. cxd3 Qb6 13. Rb1 Bd7 14. O-O O-O 15. Bxh6 Bxh6 16. Qxf6 Be8 17. Nxd5 Qd8 18. Qxd8 Rxd8 19. Nf6+ Kg7 20. Nxe8+ Rfxe8 21. Ng4 Rxd3 22. Rfd1 Red8 23. Rxd3 Rxd3 24. Rc1 Rd2 25. b3 Rxa2 26. Rc7 b6 27. Ne5 Ra5 28. Nxf7 Rd5 29. Ng5+ Kg8 30. Nxe6 a5 31. g4 Rd6 32. Nd4 Bg7 33. Rc6 Rxc6 34. Nxc6 Bc3 35. Ne7+ Kh7 36. Nd5 1-0


[Site "https://www.chess.com"]

[Event "Titled Tuesday Blitz May 30 Late 2023"]
[White "Aldokhin, Ivan"]
[Black "Prohaszka, Peter"]
[WhiteFideId "24115720"]
[BlackFideId "726265"]
[WhiteElo "2322"]
[BlackElo "2626"]
[Result "1-0"]
[Round "09"]
[TimeControl "180+2"]
[Date "2023.05.31"]
[WhiteClock "0:00:05"]
[BlackClock "0:00:03"]

1. e4 c6 2. Nc3 d5 3. d4 dxe4 4. Nxe4 Nf6 5. Nxf6+ exf6 6. c3 Bd6 7. Bd3 O-O 8. Ne2 Re8 9. Qc2 h5 10. O-O h4 11. h3 Nd7 12. Kh1 Nf8 13. Ng1 Bb8 14. f4 g6 15. Qf2 f5 16. Nf3 Nh7 17. Bd2 Be6 18. Rae1 Bd5 19. Rxe8+ Qxe8 20. Qxh4 Bxf3 21. Rxf3 Bd6 22. g4 Be7 23. Qg3 fxg4 24. hxg4 Qd7 25. f5 Ng5 26. Bxg5 Bxg5 27. fxg6 fxg6 28. Bxg6 Rf8 29. Rxf8+ Kxf8 30. Qf3+ Kg7 31. Bf5 Qe7 32. Be4 Bc1 33. Qf5 Qf6 34. Qd7+ Qf7 35. Qxf7+ Kxf7 36. b3 Bb2 37. d5 Bxc3 38. dxc6 bxc6 39. Bxc6 Bb4 40. Kg2 Kf6 41. Kf3 Bd2 42. Ke4 a5 43. Kd5 Kg5 44. Bd7 Kf4 45. Kc5 Bb4+ 46. Kb5 Kg5 47. a3 Bd2 48. b4 axb4 49. axb4 Kf6 50. Kc5 Ke7 51. Bf5 Be3+ 52. Kc6 Kd8 53. b5 Bf4 54. b6 Be5 55. g5 Bb8 56. g6 Ke7 57. Kb7 Be5 58. Kc8 Kd6 59. b7 Ke7 60. g7 Bxg7 61. b8=Q Kf8 62. Qd6+ Kf7 63. Bg6+ Kg8 64. Qe6+ Kh8 65. Qe8+ Bf8 66. Qxf8# 1-0


[Site "https://www.chess.com"]

[Event "Titled Tuesday Blitz May 30 Late 2023"]
[White "Paravyan, David"]
[Black "Rastbod, Ali"]
[WhiteFideId "4194985"]
[BlackFideId "12567477"]
[WhiteElo "2563"]
[BlackElo "2274"]
[Result "0-1"]
[Round "09"]
[TimeControl "180+2"]
[Date "2023.05.31"]
[WhiteClock "0:00:01"]
[BlackClock "0:00:05"]

1. d4 Nf6 2. c4 e6 3. Nc3 Bb4 4. e3 O-O 5. Bd3 d5 6. Nf3 dxc4 7. Bxc4 c5 8. O-O cxd4 9. exd4 b6 10. Bg5 Bb7 11. Qe2 Bxc3 12. bxc3 Nbd7 13. Rfc1 Qc7 14. Bd3 h6 15. Bh4 Nh5 16. Qe3 Rac8 17. a4 Rfe8 18. Bb5 Bc6 19. c4 Qb7 20. Rab1 Nhf6 21. Re1 a6 22. Bxc6 Qxc6 23. Bxf6 Nxf6 24. Ne5 Qxa4 25. Ra1 Qc2 26. Rxa6 Qb2 27. h3 Red8 28. Nxf7 Kxf7 29. Ra7+ Kg8 30. Qxe6+ Kh8 31. Qf7 Rg8 32. d5 Rcf8 33. Qg6 Ng4 34. Rf1 Nxf2 35. Qe6 Qd4 36. Kh2 Qxc4 0-1


[Site "https://www.chess.com"]

[Event "Titled Tuesday Blitz May 30 Late 2023"]
[White "Hajiyev, Kanan"]
[Black "Martic, Ivan"]
[WhiteFideId "13404148"]
[BlackFideId "929301"]
[WhiteElo "2103"]
[BlackElo "2360"]
[Result "0-1"]
[Round "09"]
[TimeControl "180+2"]
[Date "2023.05.31"]
[WhiteClock "0:00:09"]
[BlackClock "0:00:14"]

1. d4 d5 2. c4 c6 3. cxd5 cxd5 4. Nc3 Nf6 5. Nf3 Nc6 6. Bg5 a6 7. Bxf6 gxf6 8. Qb3 e6 9. e3 f5 10. Bd3 Na5 11. Qc2 Bd6 12. O-O Bd7 13. Rac1 Rc8 14. Ne5 Bxe5 15. dxe5 Qh4 16. f4 Rg8 17. Qf2 Qe7 18. Ne2 Nc6 19. a3 Kf8 20. Nd4 Kg7 21. Qd2 Kh8 22. b4 Rg6 23. Be2 Rcg8 24. Bf3 Nxd4 25. exd4 Bb5 26. Rf2 Bc4 27. Be2 b5 28. Qe3 Qh4 29. Bxc4 bxc4 30. Rc3 Qd8 31. Qd2 Qb6 32. Rh3 a5 33. Qc3 axb4 34. axb4 Ra8 35. Re3 Ra4 36. Rb2 Qb5 37. Kf2 Rg8 38. Re1 Rg4 39. Kf3 Rg8 40. Kf2 Rga8 41. Reb1 Ra3 42. Qe1 c3 43. Rc2 Qd3 44. Qd1 Qe4 45. g3 Ra2 46. Rc1 Rb2 47. Rxb2 cxb2 48. Rb1 Ra3 49. b5 Qe3+ 50. Kf1 Rc3 51. b6 Rc1 52. b7 Qf3+ 53. Ke1 Qxd1+ 54. Kf2 Qd2+ 55. Kf3 Qd3+ 56. Kg2 Qc2+ 57. Kh3 Qc7 58. b8=Q+ Qxb8 59. Rxb2 Qxb2 60. Kh4 Qf2 61. h3 Qf3 62. Kg5 Qxg3+ 63. Kf6 Qg6+ 64. Ke7 Rc7+ 65. Kd6 Ra7 66. h4 Qg8 67. h5 Qf8+ 68. Kc6 Qc8+ 69. Kd6 Qc7# 0-1


[Site "https://www.chess.com"]

[Event "Titled Tuesday Blitz May 30 Late 2023"]
[White "Bryakin, Mikhail"]
[Black "Castaneda, Jhon David"]
[WhiteFideId "4165314"]
[BlackFideId "4405048"]
[WhiteElo "2467"]
[BlackElo "2086"]
[Result "1-0"]
[Round "09"]
[TimeControl "180+2"]
[Date "2023.05.31"]
[WhiteClock "0:00:29"]
[BlackClock "0:00:24"]

1. Nf3 d5 2. b3 Bf5 3. Bb2 e6 4. g3 h6 5. Bg2 Nf6 6. O-O Be7 7. d3 Bh7 8. Nbd2 O-O 9. c4 c6 10. a3 a5 11. Qc2 Nbd7 12. Bc3 Bd6 13. Qb2 Qe7 14. Ne5 Nxe5 15. Bxe5 Bxe5 16. Qxe5 Rfc8 17. Rfc1 Nd7 18. Qc3 Qf6 19. Qxf6 Nxf6 20. b4 axb4 21. axb4 Kf8 22. c5 Ne8 23. f4 Nc7 24. Kf2 f6 25. e4 Ke7 26. Ke3 Rd8 27. Nb3 Na6 28. Ra4 dxe4 29. dxe4 e5 30. Rca1 Bg8 31. Na5 Rdb8 32. Bf1 Nc7 33. Bd3 Be6 34. f5 Bd7 35. h4 Be8 36. g4 Bd7 37. Nc4 Rxa4 38. Rxa4 Ra8 39. Na5 Kf7 40. Bc4+ Kf8 41. Ra2 Be8 42. Rd2 Rb8 43. g5 hxg5 44. hxg5 fxg5 45. Rh2 b6 46. Rh8+ Ke7 47. Nxc6+ Bxc6 48. Rxb8 bxc5 49. b5 Bd7 50. b6 Ne8 51. Rxe8+ 1-0


[Site "https://www.chess.com"]

[Event "Titled Tuesday Blitz May 30 Late 2023"]
[White "Hambleton, Aman"]
[Black "Adewumi, Tanitoluwa"]
[WhiteFideId "2606577"]
[BlackFideId "30966396"]
[WhiteElo "2511"]
[BlackElo "2594"]
[Result "0-1"]
[Round "09"]
[TimeControl "180+2"]
[Date "2023.05.31"]
[WhiteClock "0:00:01"]
[BlackClock "0:00:02"]

1. c4 e5 2. g3 Nf6 3. Bg2 Nc6 4. Nc3 g6 5. e4 d6 6. Nge2 h5 7. h3 Bh6 8. d4 Bxc1 9. Rxc1 h4 10. g4 Bd7 11. f4 exf4 12. Nxf4 Nh7 13. O-O O-O 14. Nfd5 Qg5 15. Nxc7 Qe3+ 16. Kh1 Rad8 17. N7b5 a6 18. Nd5 Qg5 19. Nbc3 Kg7 20. Rc2 f5 21. gxf5 gxf5 22. Rcf2 Nf6 23. exf5 Nh5 24. Rg1 Ng3+ 25. Kh2 Rxf5 26. Rxf5 Bxf5 27. Bf3 Re8 28. Rg2 Kh8 29. Ne2 Ne7 30. Nxg3 hxg3+ 31. Rxg3 Qh4 32. Qg1 Nxd5 33. Bxd5 Qf4 34. Bg2 Re3 0-1


[Site "https://www.chess.com"]

[Event "Titled Tuesday Blitz May 30 Late 2023"]
[White "Kavutskiy, Konstantin"]
[Black "Mekhitarian, Krikor Sevag"]
[WhiteFideId "2026384"]
[BlackFideId "2107660"]
[WhiteElo "2323"]
[BlackElo "2604"]
[Result "1/2-1/2"]
[Round "09"]
[TimeControl "180+2"]
[Date "2023.05.31"]
[WhiteClock "0:00:23"]
[BlackClock "0:00:32"]

1. d4 d5 2. c4 e6 3. Nf3 c5 4. cxd5 exd5 5. g3 Nc6 6. Bg2 c4 7. O-O Nf6 8. b3 cxb3 9. axb3 Be7 10. Ba3 O-O 11. Bxe7 Qxe7 12. Nc3 Rd8 13. e3 a5 14. Na4 Rb8 15. Rc1 Bg4 16. h3 Bh5 17. Qc2 Ne4 18. Nc5 Nb4 19. Qe2 b6 20. Nd3 Rbc8 21. Nf4 Bxf3 22. Bxf3 g6 23. Kg2 Qd6 24. h4 Kg7 25. Bxe4 dxe4 26. Qg4 f5 27. Qg5 h6 28. Nh5+ Kh7 29. Nf6+ Kg7 30. Nh5+ Kh7 31. Nf6+ Kg7 32. Nh5+ 1/2-1/2


[Site "https://www.chess.com"]

[Event "Titled Tuesday Blitz May 30 Late 2023"]
[White "Pakleza, Zbigniew"]
[Black "Thorfinnsson, Bragi"]
[WhiteFideId "1119290"]
[BlackFideId "2300958"]
[WhiteElo "2410"]
[BlackElo "2322"]
[Result "0-1"]
[Round "09"]
[TimeControl "180+2"]
[Date "2023.05.31"]
[WhiteClock "0:00:01"]
[BlackClock "0:00:27"]

1. d4 Nf6 2. Nf3 g6 3. Bf4 Bg7 4. e3 d6 5. h3 O-O 6. Be2 b6 7. O-O Bb7 8. c3 c5 9. Nbd2 Nc6 10. Bh2 Rc8 11. a4 Ba8 12. Nc4 cxd4 13. exd4 Na5 14. Nfd2 Nd5 15. Nxa5 bxa5 16. Nc4 Rb8 17. Rb1 Qc7 18. Re1 Rfc8 19. Bf1 Bf6 20. Bg3 Bc6 21. h4 Rd8 22. h5 Qd7 23. Nxa5 Bxa4 24. Qf3 Bc6 25. Nxc6 Qxc6 26. c4 Nb4 27. d5 Qc5 28. Bf4 a5 29. b3 Nc2 30. Qd3 Qd4 31. Qxd4 Nxd4 32. hxg6 hxg6 33. Re3 a4 34. b4 Nc2 35. b5 a3 36. Rc1 a2 37. Rxc2 a1=Q 38. Rce2 Qd4 39. Re4 Qa1 40. Bg3 Ra8 41. Re1 Qb2 42. R1e2 Qc3 43. R2e3 Qb4 44. Re1 Ra1 45. Rxa1 Bxa1 46. Rxe7 Bd4 47. Kh2 Qb1 48. Be2 Bf6 49. Rb7 Qb2 50. Bg4 Be5 51. b6 Qxf2 52. Bxe5 dxe5 53. Rc7 Qxb6 54. Rc6 Qd4 55. Bh3 Qf4+ 56. Kg1 Rb8 0-1


[Site "https://www.chess.com"]

[Event "Titled Tuesday Blitz May 30 Late 2023"]
[White "ElDivis"]
[Black "Matinian, Nikita"]
[BlackFideId "24129100"]
[WhiteElo "2560"]
[BlackElo "2422"]
[Result "0-1"]
[Round "09"]
[TimeControl "180+2"]
[Date "2023.05.31"]
[WhiteClock "0:00:05"]
[BlackClock "0:00:03"]

1. e4 d6 2. d4 g6 3. Nc3 Bg7 4. h4 h5 5. Be3 a6 6. Qd2 b5 7. Bd3 Bb7 8. f4 Nd7 9. Nf3 Ngf6 10. e5 b4 11. Ne2 Ne4 12. Qxb4 Rb8 13. Qa5 O-O 14. O-O-O Nb6 15. g4 hxg4 16. Ng5 Nxg5 17. hxg5 Bxh1 18. Rxh1 e6 19. Ng3 d5 20. Qd2 Re8 21. Qh2 Nc4 22. Bxc4 dxc4 23. Qh7+ Kf8 24. Ne4 Qd5 25. Nf6 Qf3 26. Re1 c3 27. bxc3 Qc6 28. d5 exd5 29. Bc5+ Qxc5 30. Nd7+ Ke7 31. Nxc5 Bh8 32. e6 Kd6 33. Nb3 Bxc3 34. Rd1 Rxe6 35. Qxf7 g3 36. f5 gxf5 37. Qxf5 c6 38. g6 g2 39. Qg4 Rg8 40. Qxg2 Rgxg6 41. Qh2+ Be5 42. Qf2 Rg3 43. Qc5+ Kd7 44. Qa7+ Kd6 45. Nc5 Re7 46. Qb8+ Kxc5 47. Qf8 Bd6 48. Qf2+ Kb5 49. Qf1+ Kb6 50. Qf2+ Kb7 51. Re1 Rxe1+ 52. Qxe1 Rg7 53. Qe6 Kc7 54. c4 Re7 55. Qg4 dxc4 56. Qxc4 a5 57. Qa6 Bb4 58. Qa7+ Kd6 59. Qd4+ Kc7 60. Qa7+ Kd6 61. Qd4+ Ke6 62. Kc2 Rd7 63. Qg4+ Kd6 64. Qf4+ Kc5 65. Qf2+ Kb5 66. Qf1+ Kb6 67. a4 Bc5 68. Qb1+ Kc7 69. Kc3 Rd4 70. Qh7+ Kb6 71. Qc2 Rb4 72. Qd1 Bd4+ 73. Kd3 Bc5 74. Ke2 Re4+ 75. Kf3 Rb4 76. Qc2 Bd4 77. Ke2 Bc5 78. Kd3 Rd4+ 79. Kc3 Rd5 80. Qb3+ Bb4+ 81. Kc2 Rc5+ 82. Kb1 Rc3 83. Qe6 Rc5 84. Qe3 Kb7 85. Qe7+ Ka6 86. Qe2+ Kb6 87. Qe3 Bc3 88. Ka2 Bb4 89. Kb3 Kb7 90. Kb2 Rd5 91. Qe4 Bc5 92. Qh7+ Kb6 93. Qe4 Rd4 94. Qe6 Rxa4 95. Kc2 Rb4 96. Qa2 a4 97. Qe6 a3 98. Qc8 Rb2+ 99. Kc3 Rb5 100. Qb8+ Ka6 101. Qa8+ Kb6 102. Qb8+ Ka6 103. Qa8+ Ba7 104. Qxc6+ Ka5 105. Qc7+ Bb6 106. Qb7 Bd4+ 0-1


[Site "https://www.chess.com"]